 Dungeon Crawl Stone Soup version 0.23.2-33-g5129a83184 (webtiles) character file.

Game seed: 14470519969616606681

46100 mishael the Impaler (level 14, -5/181 HPs)
             Began as a Merfolk Fighter on July 28, 2019.
             Was a High Priest of Trog.
             Slain by a catoblepas (8 damage)
             ... while petrified by you
             ... on level 6 of the Lair of Beasts.
             The game lasted 01:25:12 (21630 turns).

mishael the Impaler (Merfolk Fighter)              Turns: 21630, Time: 01:25:13

Health: -5/181     AC: 19    Str: 25    XL:     14   Next: 36%
Magic:  14/14      EV:  2    Int: 10    God:    Trog [*****.]
Gold:   973        SH:  0    Dex: 14    Spells: 13/13 levels left

rFire    . . .     SeeInvis .   a - +1 trident (flame)
rCold    . . .     Gourm    .   V - +2 shield {AC+3}
rNeg     + + +     Faith    .   R - +3 plate armour
rPois    ∞         Spirit   .   i - +0 helmet
rElec    .         Reflect  .   (no cloak)
rCorr    .         Harm     .   (no gloves)
MR       +....                  j - +0 pair of boots
Stlth    ..........             d - amulet of regeneration
HPRegen  0.80/turn              z - +1 ring of evasion
MPRegen  0.14/turn              Z - +2 ring of intelligence

@: berserking, petrified
A: change form in water, swift swim, stealthy swim
a: Berserk, Trog's Hand, Brothers in Arms, Renounce Religion


You were on level 6 of the Lair of Beasts.
You worshipped Trog.
Trog was extremely pleased with you.
You were not hungry.

You visited 3 branches of the dungeon, and saw 18 of its levels.

You collected 1083 gold pieces.
You spent 110 gold pieces at shops.

Inventory:

Hand Weapons
 a - a +1 trident of flaming (weapon)
 b - a +3 spear
Missiles
 p - 5 throwing nets
 r - 12 steel tomahawks (quivered)
 C - 21 tomahawks
 P - 5 exploding tomahawks
Armour
 i - a +0 helmet (worn)
 j - a +0 pair of boots (worn)
 R - a +3 plate armour (worn)
 V - a +2 shield of protection (worn)
 X - a +2 chain mail of cold resistance
 Y - the +0 cloak of the Turtledove {-Tele rN+ Dex+2}
   (You found it on level 11 of the Dungeon)

   It affects your dexterity (+2).
   It protects you from negative energy.
   It prevents most forms of teleportation.
Jewellery
 d - an amulet of regeneration (around neck)
 k - an uncursed ring of protection from cold
 s - an uncursed ring of fire
 z - a +1 ring of evasion (left hand)
 E - a +2 amulet of reflection
 S - a +2 ring of protection
 Z - a +2 ring of intelligence (right hand)
Wands
 c - a wand of iceblast (13)
 l - a wand of random effects (16)
 x - a wand of enslavement (15)
 A - a wand of paralysis (14)
 J - a wand of polymorph (23)
 L - a wand of flame (18)
 O - a wand of disintegration (5)
Scrolls
 e - 7 scrolls of teleportation
 n - 2 scrolls of fog
 v - 6 scrolls of remove curse
 w - a scroll of acquirement
 y - a scroll of enchant weapon
 D - 4 scrolls of enchant armour
 G - a scroll of blinking {unknown}
 H - 2 scrolls of fear {unknown}
 I - a scroll of random uselessness {unknown}
 K - 6 scrolls of immolation
 M - a scroll of magic mapping {unknown}
 Q - 2 scrolls of holy word
 W - a scroll of noise {unknown}
Potions
 g - 4 potions of agility
 h - a potion of invisibility
 m - 2 potions of flight
 q - 3 potions of brilliance
 t - 2 potions of haste
 u - 2 potions of resistance
 F - 2 potions of might
 N - 5 potions of curing
 T - a potion of mutation
Miscellaneous
 B - a lamp of fire
Comestibles
 f - 29 rations


   Skills:
 + Level 14.9 Fighting
 - Level 18.0 Polearms
 - Level 2.3 Armour
 - Level 15.0 Shields


You had 13 spell levels left.
You didn't know any spells.
Your spell library was empty.

Dungeon Overview and Level Annotations

Branches:
Dungeon (11/15)            Temple (1/1) D:4            Lair (6/6) D:10
 Shoals (0/4) Lair:2        Snake (0/4) Lair:3        Slime (0/5) Lair:5
    Orc: D:9-12

Altars:
Ashenzari
Cheibriados
Dithmenos
Elyvilon
Fedhas
Gozag
Hepliaklqana
Kikubaaqudgha
Makhleb
Nemelex Xobeh
Okawaru
Qazlal
Ru
Sif Muna
Trog
Uskayaw
Vehumet
Wu Jian
Xom
Yredelemnul
Zin
The Shining One
Beogh
Jiyva

Shops:
D:4 (   D:11 *

Annotations:
D:8 3 runed translucent doors, grattegratte's ghost, novice MiGl
Lair:4 armor steam dragon


Message History

You have turned to stone.
You are engulfed in calcifying dust.
The death yak barely misses you. The death yak gores you!
* * * LOW HITPOINT WARNING * * *
The catoblepas gores you!
* * * LOW HITPOINT WARNING * * *
You are engulfed in calcifying dust.
The death yak gores you but does no damage.
The death yak barely misses you. The catoblepas gores you!
* * * LOW HITPOINT WARNING * * *
You are engulfed in calcifying dust.
The plant is engulfed in calcifying dust.
The death yak gores you but does no damage. x2
The catoblepas gores you.
* * * LOW HITPOINT WARNING * * *
You are engulfed in calcifying dust.
The plant is engulfed in calcifying dust.
The death yak gores you. The death yak barely misses you.
The catoblepas gores you!
You die...

## #..#####........P..........##
.####......P...#..##............†
#.#..#........#######..PP#.#.#..#
#.?.......P.#..# ##.######....
#.......#.###.P# #..# ###.#
#......#####..## ###.## #P.#
........# #...## .#...######...
.......#####P...###..#.P...#.#P..
P.......##PP§...@YS..............
#...............YY...............
#......#.P#....................##
#........##...........[........##
#.......#####....................
........#.###..................#.
#.......#..............P.........
#....................PPP.##..###.
###.#..................P.#######.


You could see 2 death yaks, a catoblepas and a water moccasin.

Vanquished Creatures
  The ghost of bgiannan the Basher, a journeyman HOFi of Okawaru (D:11)
  Harold (Lair:2)
  2 shambling mangroves (Lair:3)
  4 hydras
  A two-headed ogre (D:11)
  9 death yaks
  2 ugly things (D:11)
  An oklob plant (Lair:3)
  3 black mambas
  9 elephants
  A merfolk siren (Lair:2)
  Psyche (D:8)
  Joseph (D:8)
  2 centaur skeletons
  7 spiny frogs
  4 rime drakes
  9 komodo dragons
  2 merfolk (Lair:2)
  A troll (D:9)
  2 hornets (Lair:3)
  Grinder (D:4)
  3 polar bears
  17 blink frogs
  8 hippogriffs
  24 yaks
  2 wyverns (Lair:5)
  3 hungry ghosts (D:11)
  Grum (D:8)
  2 steam dragons
  3 water moccasins
  10 porcupines
  7 orc warriors
  A necrophage (D:11)
  4 boggarts (Lair:5)
  5 ice beasts
  14 wolves
  A phantom (D:6)
  9 ogres
  2 centaurs
  10 crocodiles
  A big kobold (D:9)
  12 bullfrogs
  A wyvern zombie (D:11)
  A scorpion (D:9)
  22 killer bees
  3 wights (D:9)
  A howler monkey (D:6)
  4 crimson imps
  A quasit (D:9)
  2 bullfrog zombies
  7 jellies
  5 hounds
  17 orc wizards
  2 bullfrog skeletons
  6 orc priests
  5 iguanas
  Ijyb (D:4)
  5 worker ants
  A hound skeleton (D:10)
  Robin (D:4)
  3 gnolls (D:11)
  6 adders
  A white imp (D:4)
  6 oozes
  An adder zombie (D:9)
  2 adder skeletons
  3 worms
  A dart slug (D:3)
  7 leopard geckos
  50 orcs
  A ball python (D:6)
  5 bats
  5 giant cockroaches
  21 goblins
  8 hobgoblins
  3 jackals (D:6)
  10 kobolds
  5 quokkas
  3 frilled lizards (D:2)
  A quokka skeleton (D:7)
  9 rats
439 creatures vanquished.

Vanquished Creatures (collateral kills)
  Rupert (Lair:3)
  The ghost of Gwenloh the Blocker, a journeyman FoFi of Okawaru (Lair:5)
  An elephant (Lair:6)
  5 yaks (Lair:1)
  2 orcs (D:11)
10 creatures vanquished.

Vanquished Creatures (others)
  A giant cockroach (D:3)
  14 fungi
  16 plants
31 creatures vanquished.

Grand Total: 480 creatures vanquished

Notes
Turn   | Place    | Note
-------+----------+-------------------------------------------
     0 | D:1      | mishael the Merfolk Fighter began the quest for the Orb.
     0 | D:1      | Reached XP level 1. HP: 18/18 MP: 1/1
   155 | D:1      | Reached XP level 2. HP: 24/24 MP: 2/2
   705 | D:2      | Reached XP level 3. HP: 25/30 MP: 3/3
   905 | D:2      | Reached skill level 4 in Polearms
  1682 | D:2      | Reached XP level 4. HP: 32/37 MP: 4/4
  2422 | D:3      | Reached skill level 5 in Polearms
  2520 | D:3      | Found a faded altar of an unknown god.
  2912 | D:3      | Reached XP level 5. HP: 42/42 MP: 5/5
  2952 | D:3      | HP: 3/63 [orc priest/divine providence (17)]
  2963 | D:3      | HP: 2/63 [orc priest/divine providence (13)]
  3364 | D:3      | Found a basalt altar of Yredelemnul.
  3387 | D:3      | Found a glowing golden altar of the Shining One.
  3565 | D:3      | Noticed an angel
  3622 | D:4      | Reached skill level 6 in Polearms
  3633 | D:4      | Noticed an ogre
  3938 | D:4      | Noticed Robin
  4071 | D:4      | Noticed Ijyb
  4094 | D:4      | Killed Ijyb
  4094 | D:4      | Reached XP level 6. HP: 49/49 MP: 6/6
  4124 | D:4      | Noticed Grinder
  4126 | D:4      | Paralysed by Grinder for 4 turns
  4152 | D:4      | Killed Grinder
  4152 | D:4      | Reached skill level 5 in Fighting
  4152 | D:4      | Reached skill level 7 in Polearms
  4152 | D:4      | Reached XP level 7. HP: 10/56 MP: 7/7
  4376 | D:4      | Killed Robin
  4483 | D:4      | Reached skill level 8 in Polearms
  4741 | D:4      | Found Rewet's Weapon Shop.
  4753 | D:4      | Reached skill level 5 in Shields
  4911 | D:4      | Reached skill level 9 in Polearms
  4911 | D:4      | Reached XP level 8. HP: 36/64 MP: 8/8
  5458 | D:4      | Found a staircase to the Ecumenical Temple.
  5464 | Temple   | Entered the Ecumenical Temple
  5644 | D:5      | Entered Level 5 of the Dungeon
  5710 | D:5      | Found a radiant altar of Vehumet.
  5718 | D:5      | Found a bloodstained altar of Trog.
  5733 | D:5      | Became a worshipper of Trog the Wrathful
  5848 | D:5      | Found a deep blue altar of Sif Muna.
  5994 | D:5      | Found an ancient bone altar of Kikubaaqudgha.
  6032 | D:5      | Found a stormy altar of Qazlal.
  6177 | D:5      | Identified Sif Muna's Catalogue of the Traveller
  6302 | D:6      | Found an opulent altar of Gozag.
  6302 | D:6      | Found a sparkling altar of Nemelex Xobeh.
  6317 | D:6      | Reached skill level 10 in Polearms
  6742 | D:6      | Reached skill level 11 in Polearms
  6751 | D:6      | Reached * piety under Trog
  6763 | D:6      | Reached XP level 9. HP: 68/72 MP: 9/9
  7280 | D:7      | Found a hide-covered altar of Uskayaw.
  7331 | D:7      | Reached skill level 12 in Polearms
  7375 | D:7      | Reached ** piety under Trog
  8288 | D:8      | Noticed Grum
  8421 | D:8      | Killed Grum
  8421 | D:8      | Reached skill level 13 in Polearms
  9109 | D:8      | Noticed Psyche
  9109 | D:8      | Paralysed by Psyche for 2 turns
  9126 | D:8      | Killed Psyche
  9126 | D:8      | Reached XP level 10. HP: 82/82 MP: 10/10
  9221 | D:8      | Noticed Joseph
  9231 | D:8      | Killed Joseph
  9231 | D:8      | Reached skill level 14 in Polearms
  9471 | D:8      | Found a shimmering altar of Xom.
  9477 | D:8      | Found a runed translucent gate.
  9478 | D:8      | Found a runed translucent gate.
  9479 | D:8      | Found a runed translucent gate.
  9480 | D:8      | Noticed grattegratte's ghost (novice MiGl)
  9525 | D:8      | Found a hide-covered altar of Uskayaw.
 10442 | D:9      | Found a white marble altar of Elyvilon.
 10695 | D:9      | Reached *** piety under Trog
 11124 | D:9      | Reached skill level 15 in Polearms
 11287 | D:10     | Entered Level 10 of the Dungeon
 11676 | D:9      | Reached **** piety under Trog
 11749 | D:10     | Reached XP level 11. HP: 76/89 MP: 11/11
 11855 | D:10     | Found a staircase to the Lair.
 12443 | Lair:1   | Entered Level 1 of the Lair of Beasts
 12533 | D:10     | Reached skill level 16 in Polearms
 12588 | D:11     | Received a gift from Trog
 12633 | D:11     | Found a runed translucent gate.
 12633 | D:11     | Found a runed translucent gate.
 12634 | D:11     | Found a runed translucent gate.
 12668 | D:11     | Reached skill level 10 in Fighting
 12717 | D:11     | Found Owkommiu's Changing Room.
 12731 | D:11     | Bought a potion of lignification for 30 gold pieces
 12731 | D:11     | Bought a potion of mutation for 80 gold pieces
 12854 | D:11     | Noticed a two-headed ogre
 12870 | D:11     | Killed a two-headed ogre
 12909 | D:11     | Noticed a green ugly thing
 12929 | D:11     | Killed a green ugly thing
 13069 | D:11     | Noticed a cyan ugly thing
 13088 | D:11     | Killed a cyan ugly thing
 13200 | D:11     | Noticed a five-headed hydra
 13211 | D:11     | Killed a five-headed hydra
 13211 | D:11     | Reached skill level 17 in Polearms
 13268 | D:11     | Noticed bgiannan's ghost (journeyman HOFi)
 13271 | D:11     | Found a roughly hewn altar of Beogh.
 13617 | D:11     | Killed bgiannan's ghost
 13716 | D:11     | Got a shimmering cloak
 13729 | D:11     | Identified the +0 cloak of the Turtledove {-Tele rN+ Dex+2}
                  | (You found it on level 11 of the Dungeon)
 14013 | Lair:1   | Reached skill level 10 in Shields
 14013 | Lair:1   | Reached XP level 12. HP: 44/99 MP: 12/12
 14836 | Lair:2   | Noticed a four-headed hydra
 14855 | Lair:1   | Reached skill level 18 in Polearms
 14870 | Lair:2   | Killed a four-headed hydra
 15015 | Lair:2   | Noticed Harold
 15029 | Lair:2   | Killed Harold
 15768 | Lair:2   | Found a staircase to the Shoals.
 16256 | Lair:3   | Noticed Rupert
 16258 | Lair:3   | Paralysed by Rupert for 6 turns
 16278 | Lair:3   | Killed Rupert
 16484 | Lair:3   | Found a staircase to the Snake Pit.
 17237 | Lair:3   | Noticed a four-headed hydra
 17245 | Lair:3   | Killed a four-headed hydra
 17245 | Lair:3   | Reached XP level 13. HP: 104/109 MP: 13/13
 18088 | Lair:4   | Found a gate leading to a gauntlet.
 19260 | Lair:5   | Found a transporter.
 19260 | Lair:5   | Noticed Gwenloh's ghost (journeyman FoFi)
 19288 | Lair:5   | Found a transporter.
 19368 | Lair:5   | You fall through a shaft!
 19368 | Lair:6   | Entered Level 6 of the Lair of Beasts
 19393 | Lair:6   | HP: 4/111 [komodo dragon (24)]
 20184 | Lair:5   | Reached ***** piety under Trog
 20195 | Lair:5   | Found a staircase to the Slime Pits.
 20196 | Lair:5   | Found a viscous altar of Jiyva.
 20233 | Lair:4   | Reached XP level 14. HP: 94/119 MP: 14/14
 20794 | Lair:5   | Reached skill level 15 in Shields
 20863 | Lair:5   | Identified a scroll of acquirement
 20953 | Lair:5   | Received a gift from Trog
 20967 | Lair:5   | Killed Gwenloh's ghost
 21314 | Lair:6   | HP: 3/121 [death yak (6)]
 21628 | Lair:6   | HP: 3/181 [catoblepas (8)]
 21630 | Lair:6   | Slain by a catoblepas

Skill      XL: |  1  2  3  4  5  6  7  8  9 10 11 12 13 14 |
---------------+-------------------------------------------+-----
Polearms       | 4 5 6 7 9 11 13 15 17 18 | 18.0
Fighting       | 4 5 7 8 9 10 12 13 14 | 14.9
Shields        | 4 5 6 7 8 10 12 14 15 | 15.0
Armour         | |  2.3

Action                   |  1- 3 |  4- 6 |  7- 9 | 10-12 | 13-15 || total
-------------------------+-------+-------+-------+-------+-------++-------
Melee: Trident           |   124 |   139 |   492 |   833 |   774 ||  2362
       Spear             |       |       |       |   306 |       ||   306
       Tailslap          |       |       |       |     1 |       ||     1
Invok: Berserk           |       |       |     2 |     7 |     9 ||    18
       Brothers in Arms  |       |       |       |     6 |     2 ||     8
Evoke: Wand              |       |       |     4 |     5 |    15 ||    24
  Use: Scroll            |       |     8 |       |    10 |    12 ||    30
       Potion            |       |     5 |     1 |     2 |     4 ||    12
 Stab: Distracted        |       |       |       |       |     1 ||     1
       Petrifying        |       |       |       |       |     1 ||     1
  Eat: Chunk             |     2 |     6 |     6 |    26 |     8 ||    48
       Ration            |       |     1 |     3 |     4 |     5 ||    13
Armor: Scale mail        |    38 |    25 |    95 |       |       ||   158
       Skin              |       |    19 |       |    23 |       ||    42
       Chain mail        |       |       |    50 |   149 |       ||   199
       Plate armour      |       |       |       |   182 |   262 ||   444
Dodge: Dodged            |    14 |    20 |   106 |   160 |   109 ||   409
Block: Shield            |    34 |    52 |   220 |   615 |   411 ||  1332
